 Dungeon Crawl Stone Soup version 0.30.1-9-gdf580d7c3d (webtiles) character file.

Game seed: 10360167071381580990

59773 KittyFluff the Basher (level 14, -65/91 HPs)
             Began as a Gargoyle Berserker on Oct 6, 2023.
             Was the Champion of Trog.
             Annihilated by a titanic slime creature (84 damage)
             ... on level 12 of the Dungeon.
             The game lasted 01:40:32 (19074 turns).

KittyFluff the Basher (Gargoyle Berserker)         Turns: 19074, Time: 01:40:33

Health: -65/91     AC: 29    Str: 31    XL:     14   Next: 96%
Magic:  5/5        EV: 15    Int:  8    God:    Trog [******]
Gold:   1279       SH:  0    Dex: 17    Spells: 13/13 levels left

rFire   + . .        z - +8 lajatang "Paokera" {freeze, rF+ MP-9 Dex+4}
rCold   . . .        (shield currently unavailable)
rNeg    + . .        P - +1 scale mail {Will+}
rPois   ∞            C - +2 helmet
rElec   +            m - scarf {repulsion}
rCorr   .            O - +0 pair of gloves
SInv    .            V - +1 pair of boots
Will    ++...        (no amulet) Stlth
                     y - ring of Divine Intervention {Str+3 Slay+4}
HPRegen 0.35/turn    N - +6 ring of strength
MPRegen 0.09/turn

%: repel missiles
@: flying, hasted, studying Unarmed Combat, very quick
A: sickness immunity, AC +10, big wings, negative energy resistance 1,
electricity resistance, torment resistance 1, petrification resistance
a: Renounce Religion, Berserk, Trog's Hand, Brothers in Arms


You were on level 12 of the Dungeon.
You worshipped Trog.
Trog was exalted by your worship.
You visited 2 branches of the dungeon, and saw 17 of its levels.
You also visited: Bailey.

You collected 1375 gold pieces.
You spent 96 gold pieces at shops.

Inventory:

Hand Weapons
 g - a +2 sling of draining
 z - the +8 lajatang "Paokera" (weapon) {freeze, rF+ MP-9 Dex+4}
   (You found it on level 9 of the Dungeon)

   Dex:       It affects your dexterity (+4).
   rF:        It protects you from fire.
   MP:        It affects your magic capacity (-9).
 G - the +5 demon whip "Spellbinder" {antimagic, disrupt, Will+}
   (You found it on level 7 of the Dungeon)

   Will:      It increases your willpower.
 Z - a +2 dire flail of flaming
Missiles
 w - 17 boomerangs
 E - 3 throwing nets
 H - 9 poisoned darts
 L - 10 silver javelins (quivered)
Armour
 j - a +2 leather armour of willpower
 m - a scarf of repulsion (worn)
 C - a +2 helmet (worn)
 F - a +4 plate armour of fire resistance
 I - a +2 ring mail of fire resistance
 M - a +2 buckler
 O - a +0 pair of gloves (worn)
 P - a +1 scale mail of willpower (worn)
 V - a +1 pair of boots (worn)
Jewellery
 d - a ring of resist corrosion
 f - the ring of the Hare {EV+10}
   (You found it on level 5 of the Lair of Beasts)

   [ring of evasion]

   EV:        It affects your evasion (+10).
 n - a ring of fire
 y - the ring of Divine Intervention (left hand) {Str+3 Slay+4}
   (You found it on level 5 of the Dungeon)

   [ring of slaying]

   Str:       It affects your strength (+3).
   Slay:      It affects your accuracy & damage with ranged weapons and melee
   (+4).
 N - a +6 ring of strength (right hand)
 X - a +6 ring of dexterity
Wands
 s - a wand of charming (22)
 v - a wand of roots (13)
 B - a wand of mindburst (8)
 S - a wand of digging (1)
 T - a wand of flame (8)
 U - a wand of quicksilver (5)
 W - a wand of polymorph (8)
Scrolls
 a - a scroll of noise {unknown}
 b - 3 scrolls of fear
 e - a scroll of butterflies
 h - 9 scrolls of teleportation
 o - 3 scrolls of fog {unknown}
 q - 4 scrolls of poison
 r - 2 scrolls of amnesia {unknown}
 t - a scroll of acquirement
 u - 2 scrolls of immolation {unknown}
 x - 8 scrolls of enchant armour
 D - a scroll of blinking
 Y - a scroll of torment
Potions
 c - 5 potions of ambrosia
 i - 6 potions of curing
 k - 2 potions of resistance
 l - 3 potions of cancellation
 p - 5 potions of haste
 A - 3 potions of attraction
 R - 2 potions of invisibility
Miscellaneous
 J - a phial of floods
 K - a lightning rod (4/4)
 Q - a phantom mirror


   Skills:
 + Level 11.7 Fighting
 + Level 14.6(15.6) Maces & Flails
 * Level 9.1(13.0) Staves
 + Level 14.3 Armour
 + Level 8.9 Dodging
 - Level 3.8 Evocations


You had 13 spell levels left.
You didn't know any spells.
Your spell library was empty.

Dungeon Overview and Level Annotations

Branches:
Dungeon (12/15)            Temple (0/1) D:6            Lair (5/5) D:8
 Shoals (0/4) Lair:3       Spider (0/4) Lair:3        Slime (0/5) Lair:4
    Orc (0/2) D:11         Bailey (visited)

Altars:
Ashenzari
Cheibriados
Dithmenos
Elyvilon
Gozag
Kikubaaqudgha
Makhleb
Nemelex Xobeh
Okawaru
Qazlal
Trog
Vehumet
Wu Jian
Xom
The Shining One
Jiyva
Lugonu

Shops:
D:10 !

Portals:
Abyss: Lair:5

Annotations:
D:9 3 runed translucent doors, js3's ghost, novice DECj


Innate Abilities, Weirdness & Mutations

You are immune to sickness and miasma.
Your stone body is resilient. (AC +10)
You are immune to poison.
Your large and strong wings let you fly.
You resist negative energy. (rN+)
You are resistant to electric shocks. (rElec)
You are resistant to unholy torment.
You are immune to petrification.


Message History

HP restored.
Items here: )) [[.
There is a stone staircase leading down here. 2 slime creatures come into view. 2 slime creatures come into view.
The slime creature quivers. x2
A slime creature comes into view.
The slime creature quivers.
Two slime creatures merge to form a large slime creature.
You slice the large slime creature!! You freeze the large slime creature.
The large slime creature is moderately wounded.
You hit the large slime creature. You freeze the large slime creature.
The large slime creature is moderately wounded.
Two slime creatures merge to form a very large slime creature.
Two slime creatures merge to form an enormous slime creature.
You slash the enormous slime creature! You freeze the enormous slime creature.
The enormous slime creature is moderately wounded.
You slice the enormous slime creature!! You freeze the enormous slime creature!
The enormous slime creature is moderately wounded.
You slice the enormous slime creature!! You freeze the enormous slime creature.
The enormous slime creature is heavily wounded.
The enormous slime creature closely misses you.
Two slime creatures merge to form a titanic slime creature.
You slice the titanic slime creature!! You freeze the titanic slime creature.
The titanic slime creature is heavily wounded.
You slash the titanic slime creature! You freeze the titanic slime creature.
The titanic slime creature is heavily wounded.
You slash the titanic slime creature! You freeze the titanic slime creature.
The titanic slime creature is heavily wounded.
You slice the titanic slime creature!! You freeze the titanic slime creature.
The titanic slime creature is severely wounded.
The titanic slime creature hits you but does no damage.
You slice the titanic slime creature!! You freeze the titanic slime creature!
The titanic slime creature is severely wounded.
The titanic slime creature hits you!!!!
Ouch! That really hurt!
* * * LOW HITPOINT WARNING * * *
You feel yourself speed up. The titanic slime creature hits you!!!!
Ouch! That really hurt!
You die...

#........###
#######...........
....
..................
....
................##
#...
.......(#####...#
#..# ##.# #...# #..#
#.# #...# ##
#..##########.#
#...# ..
######.....J@......#
#...# ^.
...........#######.#
#...# ..
...........#
#.#####...# ..
...######..#
#.........# .. #..#
#.#####...# .. #..#
#.# #...# .( #..#
#.# #)..# ..
#..#######.#####...#
#........>....)....#


You could see a titanic slime creature.

Vanquished Creatures
  A minotaur (Lair:1)
  A yaktaur captain (D:12)
  Erica (D:11)
  A death knight (D:12)
  2 centaur warriors
  3 hydras
  11 death yaks
  3 thrashing horrors (Lair:5)
  3 deep troll earth magi (D:12)
  2 orc high priests (Bailey)
  A skyshark (Lair:5)
  2 orc knights (Bailey)
  A lindwurm (Lair:4)
  A deep elf pyromancer (D:12)
  3 ugly things
  A cyclops (D:9)
  2 manticores
  6 elephants (Lair:5)
  2 smoke demons (Lair:5)
  5 black mambas
  10 cane toads
  2 gargoyles
  4 komodo dragons
  A kobold demonologist (D:12)
  2 ancient zymes (Lair:5)
  8 rime drakes
  A komodo dragon (shapeshifter) (D:12)
  A queen bee (Lair:2)
  A tengu conjurer (D:12)
  3 trolls
  A wind drake (Lair:3)
  3 meliai (D:12)
  3 hornets (Lair:3)
  A polar bear (Lair:3)
  Grinder (D:6)
  11 blink frogs
  Prince Ribbit (D:7)
  A slime creature (D:12)
  A jumping spider (shapeshifter) (Lair:5)
  A jumping spider (Lair:3)
  12 spriggans
  3 ynoxinuls (Lair:5)
  A large abomination (Lair:5)
  30 yaks
  3 vampires
  3 wraiths
  10 wyverns
  2 vampire mosquitoes (D:12)
  9 basilisks
  5 steam dragons
  A chaos spawn (Lair:5)
  A golden eye (shapeshifter) (Lair:5)
  Menkaure (D:7)
  2 acid dragons (D:12)
  Edmund (D:6)
  13 water moccasins
  An ice beast (D:5)
  12 orc warriors
  A sky beast (D:7)
  4 black bears
  An ogre (D:6)
  14 wolves
  A centaur (D:8)
  3 boggarts (Lair:3)
  2 phantoms
  A kobold brigand (D:10)
  13 bullfrogs
  A gnoll sergeant (D:9)
  5 scorpions
  22 killer bees
  3 howler monkeys (D:7)
  2 electric eels
  10 small abominations (Lair:5)
  12 orc priests
  4 hounds
  3 jellies
  2 gnoll boudas
  2 sleepcaps (D:4)
  13 orc wizards
  2 iguanas
  4 hell rats (Lair:4)
  26 gnolls
  10 adders
  A shadow imp (D:5)
  3 white imps
  2 ufetubi (D:7)
  2 worms
  A dart slug (D:4)
  43 orcs
  4 ball pythons
  6 endoplasms
  4 giant cockroaches
  16 goblins
  15 hobgoblins
  7 jackals
  15 kobolds
  A quokka (D:1)
  2 bats (D:1)
  5 rats
  3 rat zombies (D:7)
510 creatures vanquished.

Vanquished Creatures (others)
  A blink frog (Lair:5)
  2 orc wizards (D:4)
3 creatures vanquished.

Grand Total: 513 creatures vanquished

Notes
Turn   | Place    | Note
-------+----------+-------------------------------------------
     0 | D:1      | KittyFluff the Gargoyle Berserker began the quest for the
                  | Orb.
     0 | D:1      | Reached XP level 1. HP: 14/14 MP: 1/1
   115 | D:1      | Reached XP level 2. HP: 12/19 MP: 2/2
   667 | D:1      | Reached ** piety under Trog
   668 | D:1      | Reached XP level 3. HP: 23/23 MP: 3/3
  1516 | D:2      | Reached XP level 4. HP: 23/29 MP: 4/4
  1848 | D:3      | Found a stormy altar of Qazlal.
  1954 | D:3      | Found a burning altar of Makhleb.
  2353 | D:4      | Reached XP level 5. HP: 11/33 MP: 5/5
  2494 | D:4      | Found an iron altar of Okawaru.
  2533 | D:4      | Found an ornate altar of the Wu Jian Council.
  2583 | D:4      | Noticed a phantom
  2604 | D:4      | Killed a phantom
  2703 | D:4      | Reached XP level 6. HP: 38/38 MP: 6/6
  3062 | D:4      | Found a white marble altar of Elyvilon.
  3162 | D:4      | Reached skill level 5 in Maces & Flails
  3162 | D:4      | Reached skill level 5 in Armour
  3162 | D:4      | Reached XP level 7. HP: 38/44 MP: 7/7
  3315 | D:4      | Reached *** piety under Trog
  3460 | D:5      | Entered Level 5 of the Dungeon
  4162 | D:5      | Reached skill level 5 in Fighting
  4281 | D:5      | Reached XP level 8. HP: 34/49 MP: 8/8
  4744 | D:5      | Identified the ring of Divine Intervention {Str+3 Slay+4}
  4935 | D:6      | Noticed Edmund
  4935 | D:6      | Found a staircase to the Ecumenical Temple.
  4944 | D:6      | Killed Edmund
  5291 | D:6      | Noticed Grinder
  5302 | D:6      | Killed Grinder
  5303 | D:6      | Reached XP level 9. HP: 34/55 MP: 9/9
  5503 | D:6      | Reached **** piety under Trog
  6172 | D:7      | Found a radiant altar of Vehumet.
  6288 | D:7      | Found a shimmering altar of Xom.
  6294 | D:7      | Noticed Prince Ribbit
  6305 | D:7      | Killed Prince Ribbit
  6398 | D:7      | Found an ancient bone altar of Kikubaaqudgha.
  6735 | D:7      | Noticed Menkaure
  6743 | D:7      | Killed Menkaure
  7138 | D:7      | Reached XP level 10. HP: 61/61 MP: 10/10
  7182 | D:7      | Reached skill level 5 in Dodging
  7325 | D:7      | Found the +5 demon whip "Spellbinder" {antimagic, disrupt,
                  | Will+}
  7343 | D:7      | Noticed a gargoyle
  7355 | D:7      | Killed a gargoyle
  7671 | D:8      | Found a broken altar of Ashenzari.
  7785 | D:8      | Reached ***** piety under Trog
  8125 | D:8      | Noticed a death yak
  8128 | D:8      | Noticed a death yak
  8130 | D:8      | Noticed a death yak
  8140 | D:8      | Killed a death yak
  8141 | D:8      | Reached skill level 10 in Armour
  8152 | D:8      | Killed a death yak
  8161 | D:8      | Killed a death yak
  8225 | D:8      | Found a staircase to the Lair.
  8318 | D:8      | Found a glowing golden altar of the Shining One.
  8430 | D:9      | Reached skill level 10 in Maces & Flails
  8430 | D:9      | Reached XP level 11. HP: 43/68 MP: 3/11
  8598 | D:9      | Identified the +8 lajatang "Paokera" {freeze, rF+ MP-9
                  | Dex+4}
  8638 | D:9      | Noticed js3's ghost (novice DECj)
  8639 | D:9      | Noticed a skeletal warrior
  8643 | D:9      | Found a runed translucent gate.
  8643 | D:9      | Found a runed translucent gate.
  8643 | D:9      | Found a runed translucent gate.
  8900 | D:9      | Reached skill level 1 in Evocations
  9144 | D:9      | Found a sparkling altar of Nemelex Xobeh.
  9144 | D:9      | Found a bloodstained altar of Trog.
  9149 | D:9      | Found a snail-covered altar of Cheibriados.
  9208 | D:9      | Noticed a cyclops
  9213 | D:9      | Killed a cyclops
  9383 | D:10     | Entered Level 10 of the Dungeon
  9514 | D:10     | Found a flagged portal.
  9556 | Bailey   | Entered a bailey
  9570 | Bailey   | Noticed an orc knight
  9592 | Bailey   | Killed an orc knight
 10074 | Bailey   | Noticed an orc high priest
 10113 | Bailey   | Noticed a sixfirhy
 10140 | Bailey   | Killed an orc high priest
 10407 | Bailey   | Noticed an orc high priest
 10408 | Bailey   | Noticed an orc knight
 10411 | Bailey   | Found an iron altar of Okawaru.
 10417 | Bailey   | Killed an orc high priest
 10422 | Bailey   | Killed an orc knight
 10793 | D:10     | Found Zegegapn's Distillery.
 10932 | D:10     | Bought a potion of invisibility for 96 gold pieces
 10942 | D:10     | Found a shadowy altar of Dithmenos.
 11131 | D:10     | Noticed a centaur warrior
 11147 | D:10     | Killed a centaur warrior
 11412 | D:10     | Found an opulent altar of Gozag.
 11493 | Lair:1   | Entered Level 1 of the Lair of Beasts
 11499 | Lair:1   | Reached XP level 12. HP: 75/75 MP: 3/12
 11508 | Lair:1   | Noticed a seven-headed hydra
 11542 | D:8      | Killed a seven-headed hydra
 11548 | D:8      | Received a gift from Trog
 11767 | Lair:1   | Found a runed translucent door.
 11936 | Lair:1   | Noticed a minotaur
 11942 | Lair:1   | Killed a minotaur
 12477 | Lair:2   | Reached skill level 1 in Staves
 12599 | Lair:2   | Found a sparkling altar of Nemelex Xobeh.
 13452 | Lair:3   | Found a hole to the Spider Nest.
 13510 | Lair:3   | Reached XP level 13. HP: 27/82 MP: 4/13
 13940 | Lair:3   | Reached skill level 10 in Fighting
 14143 | Lair:3   | Reached skill level 5 in Staves
 14303 | Lair:3   | Received a gift from Trog
 14520 | Lair:3   | Found a staircase to the Shoals.
 15174 | Lair:4   | Found a viscous altar of Jiyva.
 15175 | Lair:4   | Found a staircase to the Slime Pits.
 15605 | Lair:5   | Entered Level 5 of the Lair of Beasts
 15668 | Lair:5   | Gained mutation: Your large and strong wings let you fly.
                  | [Gargoyle growth]
 15668 | Lair:5   | Reached XP level 14. HP: 42/88 MP: 5/14
 16644 | Lair:5   | Reached ****** piety under Trog
 16644 | Lair:5   | Received a gift from Trog
 17052 | Lair:5   | Found a corrupted altar of Lugonu.
 17052 | Lair:5   | Found a one-way gate to the infinite horrors of the Abyss.
 17052 | Lair:5   | Found the ring of the Hare {EV+10}
 17429 | D:11     | Noticed Erica
 17443 | D:11     | Killed Erica
 17810 | D:11     | Found a staircase to the Orcish Mines.
 19074 | D:12     | Annihilated by a titanic slime creature

Illustrated notes

Levels and vault maps discovered:
D:1:      saegor_arrival_fortress, layout_basic
D:2:      layout_loops_corners, minmay_goblin_kobold_house
D:3:      layout_basic, overflow_temple_1_default, bloody_makhleb
D:4:      layout_loops_ring, mainiacjoe_overflow_cross_hatched,
          amcnicky_altar_gilded, lemuel_coloured_pillars_altar, hellmonk_no_cap
D:5:      layout_layer_cave, uniq_crazy_yiuf_cottage
D:6:      layout_basic, minmay_temple_entry_gardened_gates,
          small_statue_intersection, minmay_misc_feat_pillars, uniq_edmund,
          uniq_grinder
D:7:      minmay_the_grid_four_pointed_star
          [minmay_the_grid_triangle_9x9_skeleton,
          minmay_the_grid_triangle_9x9_odd_lines,
          minmay_the_grid_triangle_9x9_swiss_cheese,
          minmay_the_grid_triangle_9x9_corrupted_corridor,
          minmay_the_grid_prize_shrinking_boxes], layout_loops_ring,
          marbit_many_paths, lemuel_zombie_altar_kikubaaqudgha,
          kennysheep_little_box, minivault_4, minivault_11, uniq_menkaure,
          uniq_prince_ribbit1
D:8:      layout_loops_ring, mainiacjoe_overflow_tiny_flanked,
          mainiacjoe_overflow_chevrons, dpeg_lair_monsters, nrook_mini_vaults,
          kennysheep_generic_room_12
D:9:      layout_roguey, gammafunk_temple_overflow_forgotten,
          gammafunk_ghost_split
D:10:     layout_big_octagon, nicolae_dithmenos_through_a_glass_darkly,
          mainiacjoe_overflow_alcove_4, enter_bailey_3, serial_shops, shop,
          kennysheep_generic_room_8
D:11:     layout_rooms, minmay_orc_entry_temple_small, uniq_erica
D:12:     thingy_vault, layout_small_grid
Lair:1:   dreamdust_labyrinth, layout_cave_shapes
Lair:2:   layout_long_grid, special_room [special_room_bee], basic_altar
Lair:3:   kb_forest_paths, layout_cave_pods, minmay_shoals_entry_beasts,
          spider_nest_entry_rubble, serial_bayou_pond_e, minmay_holes
Lair:4:   layout_gridlike, slime_entry_1
Lair:5:   hellmonk_lair_end_abyssal_woods, layout_misc_corridors

Skill      XL: |  1  2  3  4  5  6  7  8  9 10 11 12 13 14 |
---------------+-------------------------------------------+-----
Armour         | 3 4 5 6 7 9 10 12 13 14 | 14.3
Dodging        | 2 3 4 5 6 7 8 |  8.9
Maces & Flails | 4 5 7 8 10 11 12 13 14 | 14.6
Fighting       | 4 5 6 8 9 10 11 | 11.7
Evocations     | 3 |  3.8
Staves         | 3 7 9 |  9.1

Action                     |  1- 3 |  4- 6 |  7- 9 | 10-12 | 13-15 || total
---------------------------+-------+-------+-------+-------+-------++-------
  Melee: Mace              |   100 |   152 |   165 |       |       ||   417
         Punch             |       |       |     2 |       |     1 ||     3
         Flail             |       |       |   150 |    20 |       ||   170
         Demon whip        |       |       |       |   165 |    26 ||   191
         Lajatang          |       |       |       |   333 |   490 ||   823
   Fire: Sling             |    19 |    20 |     4 |       |       ||    43
  Throw: Javelin           |       |       |       |       |     1 ||     1
 Invoke: Berserk           |       |     2 |     1 |     5 |     1 ||     9
         Trog's Hand       |       |       |       |     1 |       ||     1
    Use: Scroll            |       |     1 |     6 |     6 |     6 ||    19
         Potion            |       |       |       |     6 |     5 ||    11
   Stab: Sleeping          |       |       |     1 |     1 |       ||     2
 Armour: Animal skin       |    17 |       |       |       |       ||    17
         Leather armour    |    37 |    66 |   158 |    74 |       ||   335
         Scale mail        |       |       |       |   144 |   243 ||   387
  Dodge: Dodged            |    80 |    77 |   213 |   349 |   272 ||   991
         Repelled          |       |       |     2 |     5 |     8 ||    15
  Block: Buckler           |       |       |       |    19 |       ||    19
